Cogmind - Beta 11 @@@ ROGUE MODE // 2022.04.08 @ 22:07:44 Player: art-hropod Result: Destroyed by Y-45 Defender with Beam Rifle Performance ------------- Evolutions (1) 500 Regions Visited (4) 800 Robots Destroyed (33) 165 Value Destroyed (620) 620 Prototype IDs (1) 20 Alien Tech Used (0) 0 Bonus (8) 8 TOTAL SCORE: 2113 Bonus ------- High Alert Combat Kills 8 Cogmind --------- Core Integrity 0/400 Matter 161/300 Energy 79/100 System Corruption 0% Temperature Cool (9) Movement Core (100) Ox1 Location -9/Storage Parts ------- > --- POWER (1) -------- (None) > --- PROPULSION (4) --- (None) > --- UTILITY (2) ------ Signal Interpreter Light Regenerative Plating > --- WEAPON (2) ------- (None) > --- INVENTORY (5) ---- Ion Engine Ion Engine Light Ion Engine ECM Suite Light Armor Plating Peak State ------------ > --- POWER ------------ Light Ion Engine > --- PROPULSION ------- Aluminum Leg Aluminum Leg > --- UTILITY ---------- Small Storage Unit Signal Interpreter > --- WEAPON ----------- EM Shotgun Grenade Launcher > --- INVENTORY -------- Light Ion Engine Wheel Small Storage Unit Improved Targeting Computer ECM Suite Light Armor Plating EM Shotgun Grenade Launcher [Rating: 9] Favorites ----------- Power Light Ion Engine Engine Light Ion Engine Propulsion Aluminum Leg Leg Aluminum Leg Utility Small Storage Unit Device Seismic Detector Storage Small Storage Unit Processor Signal Interpreter Protection Light Regenerative Plating Weapon Grenade Launcher Energy Gun Small Laser Ballistic Gun Light Assault Rifle Launcher Grenade Launcher Build | -11 -10 -10 -9 -9 ------- Run | Scr Mat Min Mat Sto Slots Evolved 2 | . . . 2 . Power . | . . . . . Propulsion 2 | . . . 2 . Utility . | . . . . . Weapon . | . . . . . Parts Attached 17 | 8 3 3 2 1 Power 1 | 1 . . . . Engine 1 | 1 . . . . Core . | . . . . . Reactor . | . . . . . Propulsion 4 | 2 . 1 1 . Treads . | . . . . . Leg 4 | 2 . 1 1 . Wheel . | . . . . . Hover . | . . . . . Flight . | . . . . . Utility 5 | 3 1 . . 1 Device 2 | 2 . . . . Storage 1 | 1 . . . . Processor 1 | . 1 . . . Hackware . | . . . . . Protection 1 | . . . . 1 Artifact . | . . . . . Weapon 7 | 2 2 2 1 . Energy Gun 3 | 1 1 1 . . Energy Cannon . | . . . . . Ballistic Gun 2 | 1 . . 1 . Ballistic Cannon . | . . . . . Launcher 2 | . 1 1 . . Special Weapon . | . . . . . Impact Weapon . | . . . . . Slashing Weapon . | . . . . . Piercing Weapon . | . . . . . Special Melee Weapon . | . . . . . Unidentified Prototypes 1 | . . . . 1 Parts Lost 10 | . . 4 5 1 Power 1 | . . . 1 . Propulsion 4 | . . 1 3 . Utility . | . . . . . Weapon 5 | . . 3 1 1 Highest Loss Streak 5 | . . 2 5 1 To Critical Strikes . | . . . . . Average Slot Usage (%) 86 | . 100 85 63 25 Engine 12 | . 14 14 5 . Leg 26 | . 28 28 25 . Storage 13 | . 14 14 11 11 Processor 12 | . 12 14 11 11 Energy Gun 8 | . 14 5 . . Launcher 10 | . 13 9 9 . Naked Turns . | . . . . . Heaviest Build 14 | 11 14 14 11 6 Greatest Support 30 | 20 20 20 30 3 Greatest Overweight (x) 1 | 1 . 1 1 1 Average Overweight (x) . | . . . . 1 Largest Inventory Capacity 8 | 8 8 8 8 8 Average Capacity 7 | 6 8 8 8 7 Most Carried 8 | 7 8 8 8 8 Average Carried 6 | 4 7 6 6 6 Final Capacity 8 | 8 8 8 8 5 Final Carried 8 | 6 8 6 7 5 Class Distribution -------------------- 100% | Mutant Dominant Class ---------------- Mutant | -10/Materials Mutant | -10/Mines Mutant | -9/Materials Mutant | -9/Storage Resources | -11 -10 -10 -9 -9 ----------- Run | Scr Mat Min Mat Sto Matter Collected 493 | 269 149 64 11 . Remotely 20 | 20 . . . . Salvage Created 732 | 148 212 228 144 . Parts 44 | 12 13 12 7 . Haulers Intercepted . | . . . . . Recyclers Shooed 4 | 1 . 1 2 . Parts Field Recycled . | . . . . . Retrieved Matter . | . . . . . Parts Self-Destructed . | . . . . . Prevented . | . . . . . Kills | -11 -10 -10 -9 -9 ------- Run | Scr Mat Min Mat Sto Combat Hostiles Destroyed 18 | . 5 7 6 . Guns 5 | . 1 3 1 . AOE 12 | . 4 3 5 . Classes Destroyed 8 | 2 5 . 1 . Worker 4 | . 3 . 1 . Tunneler 4 | 3 . 1 . . Recycler 3 | 1 . . 2 . Operator 2 | . 2 . . . Watcher 2 | . 2 . . . Swarmer 9 | . 1 3 5 . Grunt 8 | . 4 4 . . Sentry 1 | . . . 1 . Best Kill Streak 9 | 2 4 3 9 . Combat Bots Only 5 | . 2 3 5 . Max Kills in Single Turn 3 | 1 2 2 3 . Gunslinging . | . . . . . Exploded 3 | . 1 1 3 . Melee . | . . . . . Uniques/NPCs Destroyed . | . . . . . Combat | -11 -10 -10 -9 -9 -------- Run | Scr Mat Min Mat Sto Damage Taken 1419 | . 255 354 371 439 Core 611 | . 160 47 74 330 Absorbed by Shields . | . . . . . Regen/Repaired (Parts) 1 | . . . . 1 Core Remaining (%) 58 | 100 . 17 . . Volleys Fired 81 | 14 23 23 18 3 Largest 2 | 2 2 2 1 1 Hottest 90 | 60 70 90 30 20 Shots Fired 94 | 15 33 25 18 3 Gun 63 | 15 19 20 6 3 Cannon . | . . . . . Launcher 31 | . 14 5 12 . Special . | . . . . . Kinetic 10 | 1 . . 6 3 Thermal 33 | 14 19 . . . Explosive 31 | . 14 5 12 . Electromagnetic 20 | . . 20 . . Robot Hit Streak 9 | 4 8 9 9 2 Robot Miss Streak 4 | 2 1 3 4 1 Penetration Max . | . . . . . Secondary Targets 1 | . . 1 . . Max Gunslinging Chain 1 | . . 1 . . Shots Hit Robots 61 | 9 19 20 11 2 Core Hits 49 | 5 17 14 12 1 Critical Kills . | . . . . . Critical Parts Destroyed . | . . . . . Critical Strikes . | . . . . . Melee Attacks . | . . . . . Impact . | . . . . . Slashing . | . . . . . Piercing . | . . . . . Sneak Attacks . | . . . . . Combat Hostiles . | . . . . . Follow-up Attacks . | . . . . . Damage Inflicted 1927 | 95 593 571 645 23 Guns 511 | 95 142 219 36 19 Cannons . | . . . . . Explosions 1398 | . 451 350 597 . Melee . | . . . . . Ramming 18 | . . 2 12 4 Kinetic 55 | . . . 36 19 Thermal 287 | 95 142 50 . . Explosive 1348 | . 451 300 597 . Electromagnetic 219 | . . 219 . . Impact . | . . . . . Slashing . | . . . . . Piercing . | . . . . . Highest Corruption . | . . . . . Average Corruption . | . . . . . Corruption Purged . | . . . . . Corruption Blocked . | . . . . . Overload Shots . | . . . . . Overflow Damage 38 | . 3 7 28 . Projectiles . | . . . . . Explosions 38 | . 3 7 28 . Melee . | . . . . . Knockbacks . | . . . . . Impact . | . . . . . Kinetic . | . . . . . Secondary . | . . . . . Self-Inflicted Damage 200 | . 162 36 . 2 Shots 5 | . 4 1 . . Rammed 1 | . . . . 1 Targets Rammed 4 | . . 1 2 1 Kicked 3 | . . 1 2 . Crushed . | . . . . . Highest Temperature 88 | 20 51 88 . 1 Average Temperature 27 | 12 16 38 . 1 Received Heat Transfer 408 | . 54 135 93 126 Siege Activations . | . . . . . Robots Corrupted 1 | . . 1 . . Combat Hostiles 1 | . . 1 . . Parts Fried 2 | . . 2 . . Impact Corruptions . | . . . . . Robots Melted . | . . . . . Combat Hostiles . | . . . . . Parts Melted . | . . . . . Heat Transferred 600 | 225 325 50 . . Parts Sabotaged . | . . . . . Parts Stolen . | . . . . . Parts Stripped . | . . . . . Power Chain Reactions 1 | . . 1 . . Missiles Intercepted . | . . . . . Alert | -11 -10 -10 -9 -9 ------- Run | Scr Mat Min Mat Sto Peak Influence 423 | 20 423 340 399 195 Initial 168 | . 13 97 54 168 Average 202 | 11 206 272 151 176 Maximum Alert Level 2 | . 2 1 1 . Low Security (%) 43 | 100 37 15 71 100 Level 1 54 | . 57 84 28 . Level 2 1 | . 4 . . . Level 3 . | . . . . . Level 4 . | . . . . . Level 5 . | . . . . . High Security . | . . . . . Max Security . | . . . . . Squads Dispatched 4 | . 2 . . 2 Investigation 1 | . . . . 1 Extermination . | . . . . . Reinforcement 3 | . 2 . . 1 Assault . | . . . . . Garrison . | . . . . . Intercept . | . . . . . Searches Triggered . | . . . . . Construction Impeded . | . . . . . Haulers Reinforced . | . . . . . Active Scanning Responses . | . . . . . Cargo Convoy Interrupts . | . . . . . Stealth | -11 -10 -10 -9 -9 --------- Run | Scr Mat Min Mat Sto Distress Signals 3 | . 1 1 . 1 Communications Jammed . | . . . . . Distress Signals . | . . . . . Times Spotted 36 | . 9 8 13 6 Peak Tracking Total 5 | . 4 3 5 5 Tactical Retreats 3 | . . 1 2 . Traps | -11 -10 -10 -9 -9 ------- Run | Scr Mat Min Mat Sto Traps Triggered . | . . . . . Indirectly . | . . . . . Trap Hack Attempts . | . . . . . Triggered . | . . . . . Disarmed . | . . . . . Reprogrammed . | . . . . . Reused . | . . . . . Traps Extracted . | . . . . . Installed . | . . . . . Triggered . | . . . . . Machines | -11 -10 -10 -9 -9 ---------- Run | Scr Mat Min Mat Sto Machines Disabled 6 | . 5 . 1 . Max in Single Turn 1 | . 1 . 1 . Machines Sabotaged . | . . . . . Garrisons Compromised . | . . . . . Overloaded Fab Kills . | . . . . . Hacking | -11 -10 -10 -9 -9 --------- Run | Scr Mat Min Mat Sto Machines Accessed 3 | . 1 . . 2 Terminals 3 | . 1 . . 2 Fabricators . | . . . . . Repair Stations . | . . . . . Recycling Units . | . . . . . Scanalyzers . | . . . . . Garrison Access . | . . . . . Total Hacks 7 | . 2 . . 5 Successful 4 | . 2 . . 2 Failed 3 | . . . . 3 Catastrophic . | . . . . . Database Lockouts . | . . . . . Manual . | . . . . . Terminals 7 | . 2 . . 5 Fabricators . | . . . . . Repair Stations . | . . . . . Recycling Units . | . . . . . Scanalyzers . | . . . . . Garrison Access . | . . . . . Terminal Hacks 4 | . 2 . . 2 Record 2 | . 2 . . . Open Door 2 | . . . . 2 Fabricator Hacks . | . . . . . Repair Station Hacks . | . . . . . Recycling Unit Hacks . | . . . . . Scanalyzer . | . . . . . Garrison Access Hacks . | . . . . . Unauthorized Hacks . | . . . . . Terminals . | . . . . . Fabricators . | . . . . . Repair Stations . | . . . . . Recycling Units . | . . . . . Scanalyzers . | . . . . . Garrison Access . | . . . . . Data Cores Recovered . | . . . . . Used . | . . . . . Hacking Detections 1 | . . . . 1 Full Trace Events 1 | . . . . 1 Feedback Events . | . . . . . Feedback Blocked . | . . . . . Robot Schematics Acquired . | . . . . . Robots Built . | . . . . . Authchips . | . . . . . Time . | . . . . . Total Robot Build Rating . | . . . . . Part Schematics Acquired . | . . . . . Parts Built . | . . . . . Authchips . | . . . . . Time . | . . . . . Total Part Build Rating . | . . . . . Parts Repaired . | . . . . . Time . | . . . . . Parts Recycled . | . . . . . Recycled Matter . | . . . . . Retrieved Matter . | . . . . . Retrieved Components . | . . . . . Parts Scanalyzed . | . . . . . Part Schematics Acquired . | . . . . . Parts Damaged . | . . . . . Bothacking | -11 -10 -10 -9 -9 ------------ Run | Scr Mat Min Mat Sto Used RIF Installer . | . . . . . Robots Hacked . | . . . . . Non-combat . | . . . . . Combat . | . . . . . Robot Hacks Applied . | . . . . . Relay Couplers Released . | . . . . . Fabnet Peak Effective % . | . . . . . Robots Rewired . | . . . . . Allies Hacked . | . . . . . Hacks Repelled . | . . . . . Allies | -11 -10 -10 -9 -9 -------- Run | Scr Mat Min Mat Sto Total Allies . | . . . . . Largest Group . | . . . . . Highest-Rated Group . | . . . . . Highest-Rated Ally . | . . . . . Total Orders . | . . . . . Ally Attacks . | . . . . . Total Damage . | . . . . . Kills . | . . . . . Allies Corrupted . | . . . . . Allies Melted . | . . . . . Intel | -11 -10 -10 -9 -9 ------- Run | Scr Mat Min Mat Sto Robot Analysis Total . | . . . . . Derelict Logs Recovered 2 | . . 2 . . Drone Launches . | . . . . . Drone Recoveries . | . . . . . Exploration | -11 -10 -10 -9 -9 ------------- Run | Scr Mat Min Mat Sto Turns Passed 1298 | 112 556 412 141 77 Spaces Moved 914 | 61 404 297 84 68 Core 95 | 20 . . 7 68 Treads . | . . . . . Legs 819 | 41 404 297 77 . Wheels . | . . . . . Hover . | . . . . . Flight . | . . . . . Fastest Speed 50 | 50 120 120 100 100 Average Speed 117 | 102 120 120 118 100 Slowest Speed 190 | 120 120 190 120 100 Overloaded Moves . | . . . . . Propulsion Burnouts . | . . . . . Robots Hopped . | . . . . . Cave-ins Triggered . | . . . . . Exploration Rate (%) 38 | 4 90 66 15 17 Regions Visited 4 Branch Regions 2 Pre-discovered Areas 2 | . . 2 . . Known Exits Taken 3 | . 1 1 1 . Unknown Exits Taken 1 | 1 . . . . Scrap Searched . | . . . . . Spaces Dug 41 | . 30 11 . . Terrain Destroyed 148 | . 57 31 60 . Melee . | . . . . . Projectile . | . . . . . AOE 148 | . 57 31 60 . Terrain Rammed . | . . . . . Walls Destroyed . | . . . . . Machines Disabled . | . . . . . Actions | -11 -10 -10 -9 -9 --------- Run | Scr Mat Min Mat Sto Total 1048 | 96 444 326 108 74 Wait . | . . . . . Move 910 | 60 403 296 83 68 Hop . | . . . . . Pick Up 27 | 13 8 2 3 1 Fast Attach . | . . . . . Attach 13 | 8 . 3 2 . Detach 1 | 1 . . . . Swap 4 | . 3 . . 1 Drop 8 | . 7 1 . . Fire 81 | 14 23 23 18 3 Melee . | . . . . . Ram 1 | . . . . 1 Kick 3 | . . 1 2 . Crush . | . . . . . Escape Stasis . | . . . . . Rewire . | . . . . . Trap . | . . . . . Miscellaneous . | . . . . . Route ------- -11/Scrapyard -10/Materials (discovered 4 exits: *Mat x3 / *Min) -10/Mines -9/Materials -9/Storage History --------- Turn | Location | Event 3 | -11/Scrapyard | Discovered new exit (range 16) 113 | -11/Scrapyard | Entered Materials 274 | -10/Materials | Discovered new exit (range 16) 291 | -10/Materials | Identified exit to Materials 300 | -10/Materials | Build established: Mutant 438 | -10/Materials | Discovered exit to Materials (range 7) 516 | -10/Materials | Core integrity fell below 50% 528 | -10/Materials | Discovered exit to Materials (range 14) 639 | -10/Materials | Discovered new exit (range 8) 663 | -10/Materials | Identified exit to Mines 669 | -10/Materials | Entered Mines 671 | -10/Mines | Met a Derelict bent on vengeance 830 | -10/Mines | Core integrity fell below 20% 1049 | -10/Mines | Learned location of Storage (-9) 1072 | -10/Mines | Discovered exit to Materials (range 8) 1081 | -10/Mines | Entered Materials 1081 | -9/Materials | Evolved 2 slots: Propulsion x2 1175 | -9/Materials | Discovered new exit (range 14) 1221 | -9/Materials | Identified exit to Storage 1222 | -9/Materials | Entered Storage 1235 | -9/Storage | Lost 5 parts (1p3n1w) 1256 | -9/Storage | Core integrity fell below 50% 1284 | -9/Storage | Core integrity fell below 20% 1293 | -9/Storage | Found Prototype Protection 1294 | -9/Storage | Identified Lgt. Regenerative Plating 1299 | -9/Storage | Destroyed by Y-45 Defender with Beam Rifle Last Messages --------------- 01221_ EXIT=IDENTIFIED: STORAGE 01221_ U-05 Engineer builds a Wall. LOCATION=STORAGE GOAL=ESCAPE 01232_ Connecting with Door Terminal... >>Open(Door) Sealed Heavy Doors opened. 01248_ Lgt. Assault Rifle destroyed. 01265_ Slammed into M-13 Machinist. 01279_ K-01 Serf collects debris. 01282_ ALERT: Hostiles spotted, dispatching reinforcements to Terminal S013. 01285_ K-01 Serf collects debris. 01291_ Connecting with Door Terminal... >>Open(Door) Sealed Heavy Doors opened. 01291_ ALERT: Suspicious activity at Terminal S007. Dispatching Investigation squad. 01293_ Acquired Prototype Protection. 01294_ Identified Lgt. Regenerative Plating. Map ----- +----------------------------------------------------+ | ?????????????????????????????????????????????? | | ?????????????????????????????????????????????? | | ?????????????????????????????????????????????? | | ?????????????????????????????????????????????? | | ?????????????????????????????????????????????? | | ?????????????????????????????????????????????? | | ?????????????????????????????????????????????? | | ?????????????????????????????????????????????? | | ?????????????????????????????????????????????? | | ?????????????????????????????????????????????? | | ????????????????????????? ???????????????????? | | ????????????????????????? ??????????????????? | | ????????????????????????? ??????????????????? | | ?????????????????? ?????? ??????????????????? | | ???????????????? ?????? ??????????????????? | | ????????????? ?? ?????? ??????????????????? | | ????????????? ? ????? #??????????????????? | | ?????????????? ?? ????# #??????????????????? | | ??????????????? ? ???## ##?????????????????? | | ???????????#####+##+#### Y #?????????????????? | | ???????????? +?????????????????? | | ??????????? ??????????????????? | | ?????????????? #??????????????????? | | ?????????????????# #??????????????????? | | ?????????????????# ###????????????????? | | ?????????????????# @#T###??????????????? | | ?????????????????# Y/!!!#??????????????? | | ?????????????????# YY #####??????????????? | | ?????????????????# ###??##########??????? | | ???????????""" ### #????# #??????? | | ???????????""" +^ #????# """ #######? | | ??????? ### w ###### """ # #? | | ?????????????????#k / """ # #? | | ?????????????????##+########## + #? | | ?????????????????????????????# """ # #? | | ?????????????????????????????# """ # #? | | ?????????????????????????????# """ ## ##? | | ?????????????????????????????# ## #?? | | ?????????????????????????????####" "# ## ##? | | ????????????????????????????????#"R"#### "#? | | ????????????????????????????????#"""#??# "#? | | ????????????????????????????????#####??# "#? | | ???????????????????????????????????????# T#? | | ???????????????????????????????????????# "#? | | ???????????????????????????????????????# "#? | | ???????????????????????????????????????# "#? | | ???????????????????????????????######### ##? | | ???????????????????????????????#!!!!# # #?? | | ???????????????????????????????#!! # #?? | | ???????????????????????????????#!! # #?? | +----------------------------------------------------+ Best States ------------- Heat Dissipation 28 Energy Generation 10 Energy Capacity 125 Matter Stores 300 Matter Capacity 300 Sight Range 16 Terrain Scan Density 10 Evasion (%) 55 Item Schematics ----------------- None Robot Schematics ------------------ None Fabricated ------------ Nothing Alien Tech Used ----------------- None Achievements -------------- None Challenges ------------ None Game ------ Seed MicrowarpScanMultirail Manual? 0 Play Time 00:21:40 Cumulative 10.3 hours Start 2022.04.08 @ 21:43:06 End 2022.04.08 @ 22:07:44 Sessions 1 Manual Loads 0 Difficulty Rogue Special Mode None Game No. 12 Rogue 12 Adventurer 0 Explorer 0 Win Type - Total 0 Types 0/0/0/0/0/0/0/0/0 Lore% 10 Gallery% 15 Achievement% 11 Wizard Run 0 Options --------- ASCII 0 Keyboard 0 Movement Mouse Keybinds 0 Fullscreen 1 Font 32/SmallcapsGlow Map View 63x52 Tactical HUD 1 Map Filters NONE Filters NONE Steam 1 RUN: 40ca76a2-7583-440c-840a-e5867a791ecf